 Dungeon Crawl Stone Soup version 0.24-a0-479-g9a978d2894 (webtiles) character file.

Game seed: 15130375669387708112

67 Azzok the Firebug (level 4, 30/30 HPs)
             Began as a Demonspawn Fire Elementalist on July 7, 2019.
             Quit the game on level 2 of the Dungeon.
             The game lasted 00:02:02 (1653 turns).

Azzok the Firebug (Demonspawn Fire Elementalist)    Turns: 1653, Time: 00:02:04

Health: 30/30      AC:  5    Str:  8    XL:     4   Next: 0%
Magic:  5/8        EV: 12    Int: 18    God:
Gold:   81         SH:  0    Dex: 13    Spells: 7/8 levels left

rFire    . . .     SeeInvis .   (no weapon)
rCold    . . .     Gourm    .   (no shield)
rNeg     . . .     Faith    .   a - +0 robe
rPois    .         Spirit   .   (no helmet)
rElec    .         Reflect  .   (no cloak)
rCorr    .         Harm     .   e - +0 pair of gloves
MR       .....                  (no boots)
Stlth    ++........             (no amulet)
HPRegen  0.10/turn              (no ring)
MPRegen  0.11/turn              (no ring)

@: no status effects
A: claws 1, yellow scales 1, demonic guardian 1
a: no special abilities


You were on level 2 of the Dungeon.
You were not hungry.

You visited 1 branch of the dungeon, and saw 2 of its levels.

You collected 81 gold pieces.

Inventory:

Armour
 a - a +0 robe (worn)
 e - a +0 pair of gloves (worn)
Scrolls
 d - 3 scrolls of teleportation {unknown}
 g - 4 scrolls of remove curse {unknown}
 h - a scroll of enchant armour {unknown}
 n - 2 scrolls of identify {unknown}
Potions
 b - a potion of haste {unknown}
 f - a potion of lignification {unknown}
 i - 2 potions of heal wounds {unknown}
 j - a potion of magic {unknown}
 k - a potion of might {unknown}
 l - a potion of agility {unknown}
 m - a potion of mutation {unknown}
 p - a potion of brilliance {unknown}
Comestibles
 c - 3 rations
 o - a chunk of flesh


   Skills:
 - Level 1.7 Dodging
 - Level 1.7 Stealth
 + Level 2.8 Spellcasting
 + Level 2.3 Conjurations
 + Level 3.3 Fire Magic


You had 7 spell levels left.
You knew the following spells:

 Your Spells              Type           Power        Failure   Level  Hunger
a - Flame Tongue          Conj/Fire      ##...        5%          1    None

Your spell library contained the following spells:

 Spells                   Type           Power        Failure   Level  Hunger
 Throw Flame              Conj/Fire      ##....       8%          2    ##.....
 Conjure Flame            Conj/Fire      ##......     16%         3    ###....
 Inner Flame              Hex/Fire       #.......     26%         3    ###....
 Sticky Flame             Conj/Fire      ##......     45%         4    ####...
 Fireball                 Conj/Fire      ##........   82%         5    ######.


Dungeon Overview and Level Annotations

Branches:
Dungeon (2/15)

Altars:


Innate Abilities, Weirdness & Mutations

You have sharp fingernails.
You are partially covered in yellow scales. (AC +2)
A weak demonic guardian rushes to your aid.


Message History

Some of the chunks of flesh in your inventory have rotted away.
Casting: Flame Tongue (safe; 5% risk of failure)
Confirm with . or Enter, or press ? or * to list all spells.
Aiming: Flame Tongue (safe; 5% risk of failure)
Press: ? - help, Shift-Dir - straight line, f - goblin
Aim: a goblin (resting)
The flame tongue hits the goblin.
The goblin is moderately wounded.
The goblin shouts!
Casting: Flame Tongue (safe; 5% risk of failure)
Confirm with . or Enter, or press ? or * to list all spells.
Aiming: Flame Tongue (safe; 5% risk of failure)
Press: ? - help, Shift-Dir - straight line, f/p - goblin
Aim: a goblin (moderately wounded)
The flame tongue hits the goblin!
You kill the goblin!
You have reached level 4!
You feel clever.
Your demonic ancestry asserts itself...
You feel the presence of a demonic guardian.
Are you sure you want to abandon this character and quit the game? (Confirm with "yes".)

♣▒♣▒·▒▒▒▒▒·▒ ···········▒
♣▒♣·▒▒▒▒▒▒▒▒ ▒·▒ ▒▒▒·▒ ····▒
·▒▒▒▒ ▒▒▒▒▒▒▒ ·▒ ·······▒▒▒▒▒
·▒ ▒·····@··[▒ ·▒ ▒··▒···▒▒·▒
<▒ ·· ▒··)▒▒·▒▒▒▒▒ ·▒ ·
▒··········▒ ▒▒ ▒▒·
▒··▒▒▒·▒▒▒·▒ ··· ···· ▒·▒ ▒·▒
▒·▒ ▒▒·· ··▒ ▒·▒
▒·▒▒▒▒▒▒▒▒▒▒▒▒▒ ▒·▒
▒▒▒▒▒▒▒··)····▒·····▒▒▒·▒▒▒▒▒▒


There were no monsters in sight!

Vanquished Creatures
  3 adders (D:2)
  A worm (D:2)
  2 dart slugs
  A leopard gecko (D:2)
  4 bats
  A giant cockroach (D:1)
  4 goblins
  5 hobgoblins (D:1)
  A quokka (D:2)
  2 frilled lizards (D:1)
  5 kobolds
  4 rats (D:1)
33 creatures vanquished.

Notes
Turn   | Place    | Note
-------+----------+-------------------------------------------
     0 | D:1      | Azzok the Demonspawn Fire Elementalist began the quest for
                  | the Orb.
     0 | D:1      | Reached XP level 1. HP: 13/13 MP: 3/3
   282 | D:1      | Gained mutation: You are partially covered in yellow
                  | scales. (AC +2) [demonic ancestry]
   282 | D:1      | Reached XP level 2. HP: 19/19 MP: 1/5
   530 | D:1      | Reached skill level 3 in Fire Magic
  1162 | D:2      | Gained mutation: You have sharp fingernails. [demonic
                  | ancestry]
  1162 | D:2      | Reached XP level 3. HP: 21/24 MP: 0/6
  1652 | D:2      | Gained mutation: A weak demonic guardian rushes to your
                  | aid. [demonic ancestry]
  1652 | D:2      | Reached XP level 4. HP: 30/30 MP: 5/8
  1653 | D:2      | Quit the game

Levels and vault maps discovered:
D:1:      dpeg_arrival_rooms_with_view, layout_basic
D:2:      layout_loops_cross, serial_forest, infiniplex_forest_lined_ring,
          infiniplex_forest_split, infiniplex_forest_lined_1,
          infiniplex_forest_straight_2, infiniplex_forest_lined_1

Skill      XL: |  1  2 |
---------------+-------+-----
Fire Magic     | 3 |  3.3
Conjurations   | 2 |  2.3
Dodging        | |  1.7
Stealth        | |  1.7
Spellcasting   | |  2.8

Action                   |  1- 3 |  4- 6 || total
-------------------------+-------+-------++-------
Melee: Unarmed           |     1 |       ||     1
 Cast: Flame Tongue      |    68 |     1 ||    69
  Eat: Chunk             |     3 |       ||     3
Armor: Robe              |     7 |       ||     7
Dodge: Dodged            |    28 |       ||    28

Table legend:
 A = Non-vault XP
 B = Vault XP
 C = Vault XP percentage of total XP
 D = Non-vault monster count
 E = Vault monster count
 F = Vault count percentage of total count
                 A         B        C        D         E       F
            +---------+---------+-------+---------+---------+-------
      Total |      92 |       5 |   5.2 |      31 |       2 |   6.1
            +---------+---------+-------+---------+---------+-------
        D:1 |      28 |       5 |  15.2 |      18 |       2 |  10.0
        D:2 |      64 |       0 |   0.0 |      13 |       0 |   0.0
            +---------+---------+-------+---------+---------+-------
